 Dungeon Crawl Stone Soup version 0.23-a0-612-gcb482e9 (console) character file.

63 Duffy the Conjurer (level 3, 0/24 HPs)
             Began as a Demonspawn Fire Elementalist on Dec 21, 2018.
             Slain by a goblin
             ... wielding an uncursed staff of conjuration
              (3 damage)
             ... on level 3 of the Dungeon.
             The game lasted 00:01:42 (898 turns).

Duffy the Conjurer (Demonspawn Fire Elementalist)    Turns: 898, Time: 00:01:43

Health: 0/24       AC:  2    Str:  8    XL:     3   Next: 87%
Magic:  0/6        EV: 12    Int: 17    God:
Gold:   60         SH:  0    Dex: 13    Spells: 5/6 levels left

rFire    . . .     SeeInvis .   f - +0 short sword
rCold    . . .     Gourm    .   (no shield)
rNeg     . . .     Faith    .   a - +0 robe
rPois    .         Spirit   .   (helmet restricted)
rElec    .         Reflect  .   (no cloak)
rCorr    .         Harm     .   (no gloves)
MR       .....                  (no boots)
Stlth    ++........             (no amulet)
HPRegen  0.08/turn              (no ring)
MPRegen  0.10/turn              (no ring)

@: very slightly contaminated
A: antennae 1, rot immunity
a: no special abilities


You were on level 3 of the Dungeon.
You were hungry.

You visited 1 branch of the dungeon, and saw 3 of its levels.

You collected 60 gold pieces.

Inventory:

Hand Weapons
 f - a +0 short sword (weapon)
Armour
 a - a +0 robe (worn)
Scrolls
 d - a scroll of identify {unknown}
 e - a scroll of remove curse {unknown}
Comestibles
 b - a chunk of flesh
 c - 2 rations


   Skills:
 - Level 1.7 Dodging
 - Level 1.7 Stealth
 + Level 2.3 Spellcasting
 + Level 3.2 Conjurations
 + Level 3.0 Fire Magic


You had 5 spell levels left.
You knew the following spells:

 Your Spells              Type           Power        Failure   Level  Hunger
h - Flame Tongue          Conj/Fire      ##...        5%          1    #......

Your spell library contained the following spells:

 Spells                   Type           Power        Failure   Level  Hunger
 Throw Flame              Conj/Fire      ##....       8%          2    ###....
 Conjure Flame            Conj/Fire      ##......     16%         3    ###....
 Inner Flame              Hex/Fire       #.......     30%         3    ###....
 Sticky Flame             Conj/Fire      ##......     45%         4    #####..
 Fireball                 Conj/Fire      ##........   82%         5    ######.


Dungeon Overview and Level Annotations

Branches:
Dungeon (3/15)

Altars:

Annotations:
D:2 Terence


Innate Abilities, Weirdness & Mutations

You have a pair of small antennae on your head.
You are immune to rotting.


Message History

Casting: Flame Tongue (safe; 6% risk of failure)
Confirm with . or Enter, or press ? or * to list all spells.
Aiming: Flame Tongue (safe; 6% risk of failure)
Press: ? - help, Shift-Dir - straight line, f/p - orc wizard
Aim: an orc wizard, wielding a +0 dagger and wearing a cursed +0 robe (severely The flame tongue hits the orc wizard.
You kill the orc wizard!
Your Fire Magic skill increases to level 3!
You are feeling hungry.
The goblin hits you with an uncursed staff of conjuration.
The dart slug bites you.
Casting: Flame Tongue (safe; 5% risk of failure)
Confirm with . or Enter, or press ? or * to list all spells.
Aiming: Flame Tongue (safe; 5% risk of failure)
Press: ? - help, Shift-Dir - straight line, f - dart slug
Aim: a dart slug (clinging)
The flame tongue hits the dart slug.
The dart slug is almost dead.
The goblin hits you with an uncursed staff of conjuration.
You die...

.# . %. .. #. ...
#.####### #.. .....g..
##..[ #.#... .
......#########..####...
...).Kw@g....%...g....#
....%.g#########o.#####
....... ######..######
....... ........<......
##...!. .....###....###
#.#### #### .###.# #. #.
# # #. ##


You could see a dart slug, a hobgoblin, a goblin and a kobold.

Vanquished Creatures
  An orc wizard (D:3)
  2 adders
  A worm (D:2)
  An orc (D:3)
  2 bats
  A giant cockroach (D:2)
  3 hobgoblins
  2 kobolds (D:2)
  2 frilled lizards (D:2)
  A goblin (D:2)
  2 rats
18 creatures vanquished.

Notes
Turn   | Place    | Note
-------+----------+-------------------------------------------
     0 | D:1      | Duffy the Demonspawn Fire Elementalist began the quest for
                  | the Orb.
     0 | D:1      | Reached XP level 1. HP: 13/13 MP: 3/3
   345 | D:2      | Gained mutation: You have a pair of small antennae on your
                  | head. [demonic ancestry]
   345 | D:2      | Reached XP level 2. HP: 19/19 MP: 0/5
   750 | D:2      | Noticed Terence
   836 | D:2      | Gained mutation: You are immune to rotting. [demonic
                  | ancestry]
   836 | D:2      | Reached XP level 3. HP: 22/24 MP: 1/6
   898 | D:3      | Slain by a goblin

Vault maps used:
D:1:      psy_arrival_statuary
D:2:      uniq_terence

Skill      XL: |  1  2  3 |
---------------+----------+-----
Conjurations   | 2 3 |  3.2
Fire Magic     | 3 |  3.0
Dodging        | |  1.7
Stealth        | |  1.7
Spellcasting   | |  2.3

Action                   || total
-------------------------++-------
Melee: Short sword       ||    16
 Cast: Flame Tongue      ||    37
Armor: Robe              ||     7
Dodge: Dodged            ||    31

Table legend:
 A = Non-vault XP
 B = Vault XP
 C = Vault XP percentage of total XP
 D = Non-vault monster count
 E = Vault monster count
 F = Vault count percentage of total count
                 A         B        C        D         E       F
            +---------+---------+-------+---------+---------+-------
      Total |      90 |       0 |   0.0 |      18 |       0 |   0.0
            +---------+---------+-------+---------+---------+-------
        D:1 |       5 |       0 |   0.0 |       3 |       0 |   0.0
        D:2 |      34 |       0 |   0.0 |      12 |       0 |   0.0
        D:3 |      51 |       0 |   0.0 |       3 |       0 |   0.0
            +---------+---------+-------+---------+---------+-------
